AA NE
MAHONING VALLEY SCRAPPERS @ ERIE SEAWOLVES
08/05/2041
 
TOP OF THE 1ST
Mahoning Valley Scrappers batting - Pitching for Erie SeaWolves : RHP Rubén Romero
Pitching: RHP Rubén Romero
Batting: LHB Clint Moore 0-0: Ball
1-0: DOUBLE (Line Drive, 9LM, EV 107.5 MPH)
Batting: RHB António Acosta 0-0: Ball
1-0: Foul Ball, location: 2F
1-1: Ball
2-1: Ground out 6-3 (Groundball, 6, EV 90.6 MPH)
Batting: RHB Jorge Hurtado 0-0: Called Strike
0-1: Fly out, F6 (Line Drive, 6, EV 64.4 MPH)
Lined into DP, 6-4 (Line Drive, 6, EV 64.4 MPH)
Top of the 1st over - 0 runs, 1 hit, 0 errors, 0 left on base; Mahoning Valley 0 - Erie 0
BOTTOM OF THE 1ST
Erie SeaWolves batting - Pitching for Mahoning Valley Scrappers : RHP José Miranda
Pitching: RHP José Miranda
Batting: SHB Luis Alemán 0-0: Ball
1-0: Foul Ball, location: 5F
1-1: Ground out 4-3 (Groundball, 4M, EV 92.5 MPH)
Batting: RHB Teo Pors 0-0: Called Strike
0-1: Ball
1-1: Ball
2-1: Swinging Strike
2-2: Ball
3-2: Strikes out looking
Batting: LHB António García 0-0: Ball
1-0: Called Strike
1-1: Ball
2-1: Foul Ball, location: 2F
2-2: Strikes out looking
Bottom of the 1st over - 0 runs, 0 hits, 0 errors, 0 left on base; Mahoning Valley 0 - Erie 0
TOP OF THE 2ND
Mahoning Valley Scrappers batting - Pitching for Erie SeaWolves : RHP Rubén Romero
Batting: LHB Phil Simmons 0-0: Ball
1-0: Swinging Strike
1-1: Ball
2-1: Ball
3-1: Called Strike
3-2: Foul Ball, location: 2F
3-2: Foul Ball, location: 2F
3-2: Base on Balls
Batting: LHB John Pruvost 0-0: Ball
1-0: Called Strike
1-1: Foul Ball, location: 2F
1-2: Ball
2-2: Ball
3-2: SINGLE (Line Drive, 9S, EV 105.0 MPH)
Phil Simmons to second
Phil Simmons to third
Batting: RHB Dennis Lidstone 0-0: Ball
1-0: TRIPLE (Line Drive, 7D, EV 101.3 MPH)
Phil Simmons scores
John Pruvost scores
Batting: RHB Tony Warren 0-0: Called Strike
0-1: SINGLE (Line Drive, 34D, EV 108.8 MPH)
Dennis Lidstone scores
Batting: RHB Dave Mason 0-0: Ball
Tony Warren steals 2nd base
1-0: Ball
2-0: Ball
3-0: Ground out 5-3 (Groundball, 5, EV 84.4 MPH)
Batting: RHB Albert Campion 0-0: Ground out 6-3 (Groundball, 6, EV 85.6 MPH)
Batting: LHB Clint Moore 0-0: Ball
1-0: Ball
2-0: Called Strike
2-1: Swinging Strike
2-2: Ball
3-2: SINGLE (Line Drive, 78S, EV 96.9 MPH)
Tony Warren to third
Runner from 3rd tries for Home, SAFE, throw by LF to home
Batting: RHB António Acosta 0-0: Ball
1-0: Ball
2-0: Ball
3-0: Called Strike
3-1: Called Strike
3-2: Foul Ball, location: 25FF
3-2: Foul Ball, location: 2F
3-2: SINGLE (Flyball, 34D, EV 98.8 MPH)
Clint Moore to second
Clint Moore to third
Batting: RHB Jorge Hurtado 0-0: Ball
1-0: SINGLE (Groundball, 4MS, EV 63.1 MPH) (infield hit)
Clint Moore scores
António Acosta to second
Batting: LHB Phil Simmons 0-0: SINGLE (Flyball, 9S, EV 66.3 MPH)
António Acosta to third
Jorge Hurtado to second
Batting: LHB John Pruvost 0-0: Called Strike
0-1: Foul Ball, location: 5FF
0-2: SINGLE (Line Drive, 4MD, EV 95.6 MPH)
António Acosta scores
Jorge Hurtado to third
Phil Simmons to second
Runner from 3rd tries for Home, SAFE, throw by CF to home
Pitching: LHP Kevin Wheeler
Batting: RHB Dennis Lidstone 0-0: Called Strike
0-1: Ball
1-1: Swinging Strike
1-2: Strikes out swinging
Top of the 2nd over - 7 runs, 8 hits, 0 errors, 2 left on base; Mahoning Valley 7 - Erie 0
BOTTOM OF THE 2ND
Erie SeaWolves batting - Pitching for Mahoning Valley Scrappers : RHP José Miranda
Batting: LHB Kevin Richter 0-0: Called Strike
0-1: Called Strike
0-2: Ball
1-2: Foul Ball, location: 3DF
1-2: Foul Ball, location: 3FF
1-2: Ball
2-2: Strikes out swinging
Batting: SHB Billy Davis 0-0: Foul Ball, location: 7LDF
0-1: Called Strike
0-2: Ball
1-2: Foul Ball, location: 9LDF
1-2: Foul Ball, location: 7LSF
1-2: Fly out, F9 (Flyball, 9D, EV 98.1 MPH)
Batting: SHB Cristián Medina 0-0: Ground out 5-3 (Groundball, 5, EV 103.8 MPH)
Bottom of the 2nd over - 0 runs, 0 hits, 0 errors, 0 left on base; Mahoning Valley 7 - Erie 0
TOP OF THE 3RD
Mahoning Valley Scrappers batting - Pitching for Erie SeaWolves : LHP Kevin Wheeler
Batting: RHB Tony Warren 0-0: Fly out, F9 (Flyball, 89M, EV 90.0 MPH)
Batting: RHB Dave Mason 0-0: Called Strike
0-1: Foul Ball, location: 5F
0-2: Ball
1-2: Fly out, F9 (Flyball, 9, EV 92.5 MPH)
Batting: RHB Albert Campion 0-0: Ball
1-0: Ground out U3 (Groundball, 3, EV 90.0 MPH)
Top of the 3rd over - 0 runs, 0 hits, 0 errors, 0 left on base; Mahoning Valley 7 - Erie 0
BOTTOM OF THE 3RD
Erie SeaWolves batting - Pitching for Mahoning Valley Scrappers : RHP José Miranda
Batting: RHB Norbert Chandler 0-0: Ball
1-0: Ball
2-0: Swinging Strike
2-1: Ball
3-1: Base on Balls
Batting: RHB Joe Milligan 0-0: Foul Ball, location: 23F
0-1: Swinging Strike
0-2: Strikes out swinging
Batting: RHB Jorge Sánchez 0-0: Called Strike
0-1: Ball
1-1: Hit by Pitch
Norbert Chandler to second
Batting: SHB Luis Alemán 0-0: Ball
1-0: Ball
2-0: Called Strike
2-1: Swinging Strike
2-2: Foul Ball, location: 5F
2-2: Ball
3-2: Base on Balls
Norbert Chandler to third
Jorge Sánchez to second
Batting: RHB Teo Pors 0-0: Ball
1-0: Ball
2-0: Foul Ball, location: 3FF
2-1: Fly out, F4 (Popup, 4M, EV 68.1 MPH)
Batting: LHB António García 0-0: Ball
1-0: Ball
2-0: Called Strike
2-1: Ball
3-1: SINGLE (Groundball, 4, EV 106.3 MPH) (infield hit)
Norbert Chandler scores
Jorge Sánchez to third
Luis Alemán to second
Batting: LHB Kevin Richter 0-0: Swinging Strike
0-1: Swinging Strike
0-2: Strikes out swinging
Bottom of the 3rd over - 1 run, 1 hit, 0 errors, 3 left on base; Mahoning Valley 7 - Erie 1
TOP OF THE 4TH
Mahoning Valley Scrappers batting - Pitching for Erie SeaWolves : LHP Kevin Wheeler
Batting: LHB Clint Moore 0-0: Ball
1-0: Called Strike
1-1: Foul Ball, location: 7LDF
1-2: Ball
2-2: SINGLE (Line Drive, 4M, EV 102.5 MPH)
Batting: RHB António Acosta 0-0: Ball
1-0: Ball
2-0: Foul Ball, location: 2RF
2-1: Fielders Choice at 2nd, 1-4 (Groundball, P, EV 73.1 MPH)
Batting: RHB Jorge Hurtado 0-0: Called Strike
0-1: Ball
1-1: Grounds into double play, 6-4-3 (Groundball, 6, EV 96.3 MPH)
Top of the 4th over - 0 runs, 1 hit, 0 errors, 0 left on base; Mahoning Valley 7 - Erie 1
BOTTOM OF THE 4TH
Erie SeaWolves batting - Pitching for Mahoning Valley Scrappers : RHP José Miranda
Batting: SHB Billy Davis 0-0: Fly out, F5 (Line Drive, 5L, EV 66.3 MPH)
Batting: SHB Cristián Medina 0-0: Foul Ball, location: 7LSF
0-1: Ground out 4-3 (Groundball, 4S, EV 90.6 MPH)
Batting: RHB Norbert Chandler 0-0: Ball
1-0: Called Strike
1-1: Called Strike
1-2: Ball
2-2: Strikes out swinging
Bottom of the 4th over - 0 runs, 0 hits, 0 errors, 0 left on base; Mahoning Valley 7 - Erie 1
TOP OF THE 5TH
Mahoning Valley Scrappers batting - Pitching for Erie SeaWolves : LHP Kevin Wheeler
Batting: LHB Phil Simmons 0-0: Called Strike
0-1: Ball
1-1: Ground out 4-3 (Groundball, 4, EV 101.9 MPH)
Batting: LHB John Pruvost 0-0: Ball
1-0: Foul Ball, location: 2F
1-1: Ball
2-1: Called Strike
2-2: Ball
3-2: Fly out, F7 (Flyball, 78S, EV 75.6 MPH)
Batting: RHB Dennis Lidstone 0-0: Swinging Strike
0-1: Ball
1-1: Ground out 4-3 (Groundball, 34, EV 90.0 MPH)
Top of the 5th over - 0 runs, 0 hits, 0 errors, 0 left on base; Mahoning Valley 7 - Erie 1
BOTTOM OF THE 5TH
Erie SeaWolves batting - Pitching for Mahoning Valley Scrappers : RHP José Miranda
Batting: RHB Joe Milligan 0-0: Called Strike
0-1: Called Strike
0-2: Strikes out swinging
Batting: RHB Jorge Sánchez 0-0: Ball
1-0: Called Strike
1-1: Ball
2-1: Ball
3-1: Base on Balls
Batting: SHB Luis Alemán 0-0: Ball
1-0: SINGLE (Groundball, 6MD, EV 90.0 MPH) (infield hit)
Jorge Sánchez to second
Batting: RHB Teo Pors 0-0: Foul Ball, location: 9LSF
0-1: Fly out, F7 (Flyball, 78XD, EV 110.6 MPH)
Runner from 2nd tags up, SAFE at 3rd, no throw by LF
Batting: LHB António García 0-0: Foul Ball, location: 2F
0-1: Ball
Pickoff Throw by Catcher to First - Error! E2
Jorge Sánchez scores
Luis Alemán to second
1-1: Ball
2-1: DOUBLE (Line Drive, 9LS, EV 90.6 MPH)
Luis Alemán scores
Batting: LHB Kevin Richter 0-0: Called Strike
0-1: Called Strike
0-2: Strikes out swinging
Bottom of the 5th over - 2 runs, 2 hits, 1 error, 1 left on base; Mahoning Valley 7 - Erie 3
TOP OF THE 6TH
Mahoning Valley Scrappers batting - Pitching for Erie SeaWolves : LHP Kevin Wheeler
Batting: RHB Tony Warren 0-0: Called Strike
0-1: Called Strike
0-2: Ball
1-2: Ball
2-2: Fly out, F9 (Flyball, 89S, EV 81.9 MPH)
Batting: RHB Dave Mason 0-0: Called Strike
0-1: Foul Ball, location: 3DF
0-2: Ball
1-2: Strikes out swinging
Pitching: RHP Steve Nichols
Batting: RHB Albert Campion 0-0: Foul Ball, location: 25F
0-1: DOUBLE (Flyball, 8LD, EV 106.3 MPH)
Batting: LHB Clint Moore 0-0: Ball
1-0: Ground out U3 (Groundball, 3, EV 82.5 MPH)
Top of the 6th over - 0 runs, 1 hit, 0 errors, 1 left on base; Mahoning Valley 7 - Erie 3
BOTTOM OF THE 6TH
Erie SeaWolves batting - Pitching for Mahoning Valley Scrappers : RHP José Miranda
Batting: SHB Billy Davis 0-0: Fly out, F8 (Flyball, 8RXD, EV 105.0 MPH)
Batting: SHB Cristián Medina 0-0: Ball
1-0: Reached on error, E8 (Flyball, 8RD, EV 105.6 MPH)
Batting: RHB Norbert Chandler 0-0: Ball
1-0: Grounds into double play, 6-4-3 (Groundball, 6, EV 80.0 MPH)
Bottom of the 6th over - 0 runs, 0 hits, 1 error, 0 left on base; Mahoning Valley 7 - Erie 3
TOP OF THE 7TH
Mahoning Valley Scrappers batting - Pitching for Erie SeaWolves : RHP Steve Nichols
Batting: RHB António Acosta 0-0: Swinging Strike
0-1: Swinging Strike
0-2: Ball
1-2: Foul Ball, location: 9LSF
1-2: Ball
2-2: Foul Ball, location: 2F
2-2: Ball
3-2: Base on Balls
Batting: RHB Jorge Hurtado 0-0: Called Strike
0-1: Ball
1-1: Called Strike
1-2: Fly out, F8 (Flyball, 8LM, EV 97.5 MPH)
Batting: LHB Phil Simmons 0-0: Foul Ball, location: 25F
0-1: Called Strike
0-2: Foul Ball, location: 7LSF
0-2: Foul Ball, location: 2F
0-2: Strikes out swinging
Batting: LHB John Pruvost 0-0: Ball
1-0: Called Strike
1-1: Ball
António Acosta steals 2nd base
2-1: Foul Ball, location: 7LSF
2-2: Fly out, F7 (Flyball, 7D, EV 91.3 MPH)
Top of the 7th over - 0 runs, 0 hits, 0 errors, 1 left on base; Mahoning Valley 7 - Erie 3
BOTTOM OF THE 7TH
Erie SeaWolves batting - Pitching for Mahoning Valley Scrappers : RHP José Miranda
Batting: RHB Joe Milligan 0-0: DOUBLE (Groundball, 5L, EV 103.8 MPH)
Batting: RHB Jorge Sánchez 0-0: SINGLE (Groundball, 34D, EV 96.3 MPH)
Joe Milligan to third
Batting: SHB Luis Alemán 0-0: Grounds out, U3 (Groundball, 3L, EV 79.4 MPH)
Joe Milligan scores
Batting: RHB Teo Pors 0-0: Ball
1-0: Ball
2-0: Called Strike
2-1: Ground out U3 (Groundball, 34S, EV 83.1 MPH)
Jorge Sánchez to third
Batting: LHB António García 0-0: Foul Ball, location: 2F
0-1: Ball
1-1: Ball
2-1: Ball
3-1: Foul Ball, location: 7LMF
3-2: Base on Balls
Batting: LHB Kevin Richter 0-0: Ball
1-0: Swinging Strike
1-1: Called Strike
1-2: Ball
2-2: Fly out, F9 (Flyball, 9D, EV 107.5 MPH)
Bottom of the 7th over - 1 run, 2 hits, 0 errors, 2 left on base; Mahoning Valley 7 - Erie 4
TOP OF THE 8TH
Mahoning Valley Scrappers batting - Pitching for Erie SeaWolves : RHP Steve Nichols
Batting: RHB Dennis Lidstone 0-0: Hit by Pitch
Batting: RHB Tony Warren 0-0: Ball
1-0: Called Strike
1-1: Swinging Strike
1-2: Strikes out swinging
Batting: RHB Dave Mason 0-0: Grounds into double play, U6-3 (Groundball, 4MD, EV 100.0 MPH)
Top of the 8th over - 0 runs, 0 hits, 0 errors, 0 left on base; Mahoning Valley 7 - Erie 4
BOTTOM OF THE 8TH
Erie SeaWolves batting - Pitching for Mahoning Valley Scrappers : RHP José Miranda
Pitching: RHP Alex Martin
Batting: SHB Billy Davis 0-0: Called Strike
0-1: Ball
1-1: Fly out, F9 (Flyball, 9S, EV 90.6 MPH)
Batting: SHB Cristián Medina 0-0: Foul Ball, location: 3F
0-1: Foul Ball, location: 3F
0-2: Ball
1-2: Fly out, F9 (Line Drive, 9, EV 104.4 MPH)
Batting: RHB Norbert Chandler 0-0: Ball
1-0: Ground out 6-3 (Groundball, 6S, EV 87.5 MPH)
Bottom of the 8th over - 0 runs, 0 hits, 0 errors, 0 left on base; Mahoning Valley 7 - Erie 4
TOP OF THE 9TH
Mahoning Valley Scrappers batting - Pitching for Erie SeaWolves : RHP Steve Nichols
Batting: RHB Albert Campion 0-0: Ball
1-0: Ball
2-0: Ball
3-0: Called Strike
3-1: Swinging Strike
3-2: Foul Ball, location: 9LMF
3-2: Strikes out swinging
Batting: LHB Clint Moore 0-0: Ball
1-0: Ball
2-0: Ball
3-0: Base on Balls
Batting: RHB António Acosta 0-0: Ball
Clint Moore steals 2nd base
1-0: Ball
2-0: Ball
3-0: Base on Balls
Batting: RHB Jorge Hurtado 0-0: Fly out, F9 (Flyball, 9LS, EV 91.9 MPH)
Batting: LHB Phil Simmons 0-0: Ball
1-0: Called Strike
1-1: Called Strike
1-2: Fly out, F8 (Flyball, 8LD, EV 95.0 MPH)
Top of the 9th over - 0 runs, 0 hits, 0 errors, 2 left on base; Mahoning Valley 7 - Erie 4
BOTTOM OF THE 9TH
Erie SeaWolves batting - Pitching for Mahoning Valley Scrappers : RHP Alex Martin
Pitching: RHP José Sandoval
Batting: RHB Joe Milligan 0-0: Called Strike
0-1: Foul Ball, location: 3F
0-2: Fly out, F2 (Popup, 23F, EV 85.0 MPH)
Pinch Hitting: SHB António González 0-0: Ball
1-0: Fly out, F7 (Flyball, 78M, EV 95.6 MPH)
Batting: SHB Luis Alemán 0-0: Ball
1-0: Swinging Strike
1-1: Called Strike
1-2: Strikes out swinging
Bottom of the 9th over - 0 runs, 0 hits, 0 errors, 0 left on base; Mahoning Valley 7 - Erie 4
Monday, April 1st , 2024 - OOTP Baseball 24.10 Build 82